 Dungeon Crawl Stone Soup version 0.27.1-33-g824d729ab1 (webtiles) character file.

Game seed: 13945759809462846066

44 Descartes the Ducker (level 3, -3/16 HPs)
             Began as a Felid Warper on Nov 24, 2021.
             Killed from afar by Terence (9 damage)
             ... with a puff of flame
             ... on level 2 of the Dungeon.
             The game lasted 00:02:05 (2212 turns).

Descartes the Ducker (Felid Warper)                 Turns: 2212, Time: 00:02:06

Health: -3/16      AC:  1    Str:  8    XL:     3   Next: 39%
Magic:  7/7        EV: 20    Int: 14    God:
Gold:   64         SH:  0    Dex: 21    Spells: 4/6 levels left
                                        Lives:  0   Deaths: 0

rFire    . . .     SeeInvis +     - Unarmed
rCold    . . .     Faith    .   (shield unavailable)
rNeg     . . .     Spirit   .   (armour unavailable)
rPois    .         Reflect  .   (helmet unavailable)
rElec    .         Harm     .   (cloak unavailable)
rCorr    .         Rampage  .   (gloves unavailable)
Will     .....                  (boots unavailable)
Stlth    ++........             (no amulet)
HPRegen  0.05/turn              c - +6 ring of dexterity
MPRegen  0.10/turn              (no ring)

@: quick
A: very small, claws 1, fangs 3, see invisible, speed 1, shaggy fur 1, stealthy
paws, no weapons or thrown items, no armour, multi-lived
a: no special abilities


You were on level 2 of the Dungeon.
You visited 1 branch of the dungeon, and saw 2 of its levels.

You collected 64 gold pieces.

Inventory:

Missiles
 b - a stone
Jewellery
 c - a +6 ring of dexterity (left paw)
Scrolls
 a - a scroll of blinking
 d - a scroll of identify {unknown}
 e - a scroll of noise {unknown}


   Skills:
 - Level 2.0 Fighting
 * Level 4.8 Dodging
 + Level 2.7 Unarmed Combat
 - Level 2.0 Spellcasting
 - Level 4.4 Translocations


You had 4 spell levels left.
You knew the following spells:

 Your Spells              Type           Power      Damage    Failure   Level
a - Blink                 Tloc           N/A        N/A       6%          2

Your spell library contained the following spells:

 Spells                   Type           Power      Damage    Failure   Level
 Gell's Gravitas          Tloc           6%         N/A       12%         3
 Lesser Beckoning         Tloc           6%         N/A       12%         3
 Teleport Other           Tloc           13%        N/A       12%         3
 Manifold Assault         Tloc           13%        N/A       73%         5
 Dispersal                Tloc           6%         N/A       99%         6


Dungeon Overview and Level Annotations

Branches:
Dungeon (2/15)

Altars:

Annotations:
D:2 Terence


Innate Abilities, Weirdness & Mutations

You have sharp claws.
You have razor-sharp teeth.
You have supernaturally acute eyesight. (SInv)
You cover ground quickly. (Speed+)
You are covered in fur. (AC +1)
Your paws help you pounce on unaware monsters.
You are incapable of wielding weapons or throwing items.
You cannot wear armour.
You gain extra lives every three experience levels.


Message History

No target in view!
No target in view!
No target in view!
No target in view!
No target in view!
No target in view!
No target in view!
No target in view!
No target in view!
No target in view!
HP restored.
Things that are here:
a jackal corpse; a jackal corpse You see here a +0 spear.
Found 10 gold pieces.
You now have 64 gold pieces (gained 10).
Terence the Incautious comes into view.
He is wielding a +0 short sword and carrying a wand of flame (19).
Terence shouts!
Terence zaps a wand.
The puff of flame hits you!
Ouch! That really hurt!
You are too injured to fight recklessly!
You are too injured to fight recklessly!
You are too injured to fight recklessly!
You are too injured to fight recklessly!
You are too injured to fight recklessly!
You are too injured to fight recklessly!
You are too injured to fight recklessly!
You are too injured to fight recklessly!
You are too injured to fight recklessly!
You are too injured to fight recklessly!
You are too injured to fight recklessly!
You are too injured to fight recklessly!
You are too injured to fight recklessly!
You are too injured to fight recklessly!
You are too injured to fight recklessly!
You are too injured to fight recklessly!
You are too injured to fight recklessly!
Terence zaps a wand.
The puff of flame hits you!
Ouch! That really hurt!
You die...

#################
#...............#
#.#############@#
##)..### #.#
.†.....# #....#
.###...... #....#
.###.#....
#.....#
.....#....
#.....#
.##.......
#....@# .# ......
......# .# ...
####.#.#


You could see Terence.

Vanquished Creatures
  A dart slug (D:1)
  3 ball pythons (D:1)
  4 endoplasms (D:1)
  3 giant cockroaches (D:1)
  A goblin (D:1)
  4 hobgoblins (D:1)
  9 jackals
  A quokka (D:1)
  2 bats (D:1)
  3 frilled lizards (D:1)
  2 kobolds (D:1)
  2 rats (D:1)
35 creatures vanquished.

Notes
Turn   | Place    | Note
-------+----------+-------------------------------------------
     0 | D:1      | Descartes the Felid Warper began the quest for the Orb.
     0 | D:1      | Reached XP level 1. HP: 9/9 MP: 4/4
   138 | D:1      | Reached XP level 2. HP: 12/13 MP: 6/6
   390 | D:1      | Learned a level 2 spell: Blink
  1163 | D:1      | Reached XP level 3. HP: 6/16 MP: 7/7
  2209 | D:2      | Noticed Terence
  2212 | D:2      | Killed from afar by Terence

Illustrated notes

Levels and vault maps discovered:
D:1:      dpeg_arrival_round_b, layout_basic
D:2:      layout_basic, hellmonk_ecumenical_altar_leap_of_faith,
          hangedman_decor_points, corexii_hall_statues_u,
          chequers_serial_rivers_small_b, uniq_natasha, uniq_terence,
          uniq_sigmund

Skill      XL: |  1  2 |
---------------+-------+-----
Dodging        | 4 |  4.8
Fighting       | |  2.0
Unarmed Combat | |  2.7
Spellcasting   | |  2.0
Translocations | |  4.4

Action                   || total
-------------------------++-------
Melee: Unarmed           ||   123
       Bite              ||     7
       Punch             ||     2
 Stab: Sleeping          ||     3
Armor: Skin              ||     9
Dodge: Dodged            ||   117
